 Dungeon Crawl Stone Soup version 0.24.0-125-gc4c63601f3 (webtiles) character file.

Game seed: 15611141535065037182, levelgen mode: deterministic

63408 Frank2 the Basher (level 14, -9/109 HPs)
             Began as a Demonspawn Gladiator on Feb 17, 2020.
             Was the Champion of Kikubaaqudgha.
             Mangled by an ice devil (21 damage)
             ... summoned by an orc high priest
             ... on level 2 of the Orcish Mines.
             The game lasted 00:49:33 (20184 turns).

Frank2 the Basher (Demonspawn Gladiator)           Turns: 20184, Time: 00:49:34

Health: -9/109     AC: 18    Str: 17    XL:     14   Next: 68%
Magic:  24/24      EV: 25    Int: 11    God:    Kikubaaqudgha [******]
Gold:   2140       SH:  0    Dex: 30    Spells: 19/27 levels left

rFire    + + .     SeeInvis .   i - +9 flail of the Volcano {crush, Str+2 Dex+5}
rCold    . . .     Gourm    .   (no shield)
rNeg     . . .     Faith    .   A - +4 scale mail "Aqoedim" {+Inv rElec Dex+4}
rPois    .         Spirit   .   j - +2 hat {MR+}
rElec    +         Reflect  .   k - +1 cloak
rCorr    .         Harm     .   u - +1 pair of gloves
MR       ++++.                  (boots unavailable)
Stlth    ++++......             L - amulet "Ruis" {RegenMP rF+ MR++}
HPRegen  0.28/turn              h - +3 ring of dexterity
MPRegen  0.44/turn              t - +5 ring of evasion

@: no status effects
A: talons 3, fire resistance 1, nightstalker 2, augmentation 1, sturdy frame 2
a: Receive Corpses, Torment, Brand Weapon With Pain, Receive Necronomicon,
Renounce Religion, Evoke Invisibility


You were on level 2 of the Orcish Mines.
You worshipped Kikubaaqudgha.
Kikubaaqudgha was exalted by your worship.
You were hungry.

You visited 4 branches of the dungeon, and saw 20 of its levels.
You visited 1 bazaar.
You also visited: Bailey.

You collected 2287 gold pieces.
You spent 147 gold pieces at shops.

Inventory:

Hand Weapons
 i - the +9 flail of the Volcano (weapon) {crush, Str+2 Dex+5}
   (You took it off a centaur on level 8 of the Dungeon)

   It inflicts extra damage upon your enemies.
   It affects your strength (+2).
   It affects your dexterity (+5).
 P - the +7 great mace "Undeadhunter" {disrupt, rN+}
   (You took it off an entropy weaver on level 6 of the Lair of Beasts)

   It protects you from negative energy.
Missiles
 K - a throwing net (quivered)
Armour
 j - a +2 hat of magic resistance (worn)
 k - a +1 cloak (worn)
 u - a +1 pair of gloves (worn)
 A - the +4 scale mail "Aqoedim" (worn) {+Inv rElec Dex+4}
   (You found it on level 6 of the Dungeon)

   It affects your dexterity (+4).
   It insulates you from electricity.
   It lets you turn invisible.
 D - a +0 plate armour of magic resistance
 Q - a +0 hat of see invisible
Jewellery
 h - a +3 ring of dexterity (left hand)
 n - an uncursed amulet of harm
 s - an uncursed ring of protection from fire
 t - a +5 ring of evasion (right hand)
 x - an uncursed ring of see invisible
 L - the amulet "Ruis" (around neck) {RegenMP rF+ MR++}
   (You found it on level 4 of the Lair of Beasts)

   [amulet of magic regeneration]

   It increases your magic regeneration.
   It protects you from fire.
   It affects your resistance to hostile enchantments.
Wands
 y - a wand of iceblast (36)
 F - a wand of enslavement (2)
 G - a wand of disintegration (1)
 I - a wand of digging (14)
Scrolls
 m - 8 scrolls of fog
 q - 10 scrolls of remove curse
 r - 7 scrolls of teleportation
 J - a scroll of enchant armour
Potions
 b - 4 potions of haste
 c - 4 potions of flight
 d - 3 potions of heal wounds
 g - 7 potions of curing
 o - a potion of resistance
 p - 3 potions of might
 w - 3 potions of ambrosia
 z - a potion of berserk rage
 B - a potion of agility
 E - a potion of mutation {unknown}
 M - 5 potions of lignification {unknown}
Comestibles
 f - 32 rations


   Skills:
 + Level 9.9 Fighting
 + Level 14.2 Maces & Flails
 - Level 1.7 Throwing
 + Level 7.1 Armour
 + Level 8.6 Dodging
 * Level 7.0 Spellcasting
 * Level 9.4 Necromancy
 * Level 9.8 Evocations


You had 19 spell levels left.
You knew the following spells:

 Your Spells              Type           Power        Failure   Level  Hunger
a - Animate Skeleton      Necr           N/A          1%          1    None
b - Animate Dead          Necr           N/A          5%          4    ####...
c - Vampiric Draining     Necr           ###.......   1%          3    ###....

Your spell library contained the following spells:

 Spells                   Type           Power        Failure   Level  Hunger
 Pain                     Necr           ###.         1%          1    None
 Sublimation of Blood     Necr           ###.......   1%          2    ##.....
 Regeneration             Chrm/Necr      ##........   11%         3    ###....
 Dispel Undead            Necr           ###.....     14%         5    ######.
 Beastly Appendage        Tmut           #.....       26%         1    None
 Confusing Touch          Hex            #.....       26%         1    None
 Sticks to Snakes         Tmut           #.......     36%         2    ##.....
 Confuse                  Hex            #.......     58%         3    ###....
 Gell's Gravitas          Tloc           #.........   58%         3    ###....
 Spider Form              Tmut/Pois      #.........   58%         3    ###....
 Death Channel            Necr           ###.......   63%         6    #######
 Bolt of Draining         Conj/Necr      ##........   71%         5    ######.
 Excruciating Wounds      Chrm/Necr      ##........   71%         5    ######.
 Ice Form                 Ice/Tmut       #.......     94%         4    ####...
 Petrify                  Tmut/Erth      #.......     94%         4    ####...
 Blade Hands              Tmut           #.........   100%        5    ######.
 Metabolic Englaciation   Hex/Ice        #.........   100%        5    ######.
 Yara's Violent Unravell  Hex/Tmut       #.........   100%        5    ######.


Dungeon Overview and Level Annotations

Branches:
Dungeon (11/15)            Temple (1/1) D:6            Lair (6/6) D:10
 Shoals (0/4) Lair:2        Snake (0/4) Lair:4        Slime (0/5) Lair:5
    Orc (2/2) D:11            Elf (0/3) Orc:2        Bailey (visited)

Altars:
Ashenzari
Cheibriados
Dithmenos
Elyvilon
Fedhas
Gozag
Hepliaklqana
Kikubaaqudgha
Makhleb
Nemelex Xobeh
Okawaru
Qazlal
Ru
Sif Muna
Trog
Uskayaw
Vehumet
Wu Jian
Xom
Yredelemnul
Zin
The Shining One
Beogh
Jiyva

Shops:
D:4 ?   D:7 *   Orc:2 *([:}

Portals:
Trove: D:10 (give +7 demon blade)

Annotations:
Orc:2 1 runed translucent door, Curus's ghost, journeyman MiBe


Innate Abilities, Weirdness & Mutations

You have claws for feet.
Your flesh is heat resistant. (rF+)
You are significantly more attuned to the shadows.
Your magical and physical power is slightly enhanced at high health.
Your movements are less encumbered by armour. (ER -4)


Message History

The orc high priest hits the fungus with a +0 war axe!
The troll misses you. x2; The troll claws you.
* * * LOW HITPOINT WARNING * * *
The soul eater draws from the surrounding life force!
* * * LOW HITPOINT WARNING * * *
The soul eater is healed.
The orc knight roars a battlecry!
The orcs go into a battle-frenzy!
The red devil hits you but does no damage.
The ice devil barely misses you.
The hellwing hits the fungus!
The hellwing hits the fungus.
You feel much better.
The orc high priest mumbles some strange prayers to Beogh against you.
Beogh smites you!
* * * LOW HITPOINT WARNING * * *
The ice devil hits you!
* * * LOW HITPOINT WARNING * * *
The ice devil freezes you!!
You die...
Kikubaaqudgha rasps: "You have failed me!
Welcome... death!"

##................P......P.
#.....#...................P
##.....#........#.....∩....
...#.......##.#....8.[.P..
...# .......#.............P
#.....#.#...........
###...##.#......P....
##.....#..............
...4.@P...#...........
.o3P44T.P.............
..8o4o.............∩..
.oo.o.................
..Ph∩...P.............
............#.........
.P........###.........
..##........... .
#........≈≈≈.


You could see an orc knight, a soul eater, 2 orc high priests, a hellwing, 2 ice
devils, a troll, a warg, a red devil, an orc warrior, an orc priest and an orc.

Vanquished Creatures
  Gastronok (D:8)
  An orc warlord (Orc:2)
  2 entropy weavers (Lair:6)
  Harold (D:7)
  Erolcha (D:11)
  A hydra (Lair:5)
  Erica (D:8)
  3 two-headed ogres
  A queen ant (Lair:6)
  3 orc high priests
  Urug (Lair:1)
  Nergalle (Lair:2)
  A necromancer (Lair:5)
  7 orc knights
  An orc sorcerer (Orc:2)
  10 elephants
  5 black mambas
  24 spiny frogs
  A rime drake (Lair:1)
  5 komodo dragons
  5 kobold demonologists (D:11)
  A polar bear (Lair:6)
  7 trolls
  2 merfolk (Lair:2)
  5 tyrant leeches (Lair:6)
  Grinder (D:3)
  6 dream sheep (Lair:6)
  11 blink frogs (Lair:6)
  8 hippogriffs
  A vampire (D:9)
  A spriggan (D:9)
  33 yaks
  A wraith (D:11)
  Grum (Lair:1)
  3 basilisks
  6 vampire mosquitoes
  A hungry ghost (D:11)
  A naga (Lair:4)
  8 water moccasins
  2 wargs
  23 soldier ants (Lair:6)
  2 acid dragons (D:11)
  7 porcupines
  2 ice beasts (D:8)
  2 necrophages
  2 sky beasts
  5 black bears
  32 orc warriors
  A phantom (D:9)
  9 ogres
  3 centaurs
  9 crocodiles
  8 wolves
  7 big kobolds
  21 bullfrogs
  A wyvern skeleton (D:7)
  6 scorpions
  8 wights
  6 electric eels
  A howler monkey (D:10)
  5 crimson imps
  2 bullfrog zombies
  A quasit (D:9)
  A centaur skeleton (D:8)
  13 orc priests
  5 hounds
  5 jellies
  3 bullfrog skeletons
  7 iguanas
  14 hell rats
  22 orc wizards
  A polar bear simulacrum (Lair:5)
  30 worker ants
  A yak simulacrum (Lair:5)
  A wolf simulacrum (Lair:5)
  A killer bee zombie (D:6)
  A hound zombie (D:6)
  2 hound skeletons
  Robin (D:2)
  A howler monkey zombie (D:10)
  13 adders
  6 gnolls (Bailey)
  3 shadow imps
  An adder zombie (D:6)
  4 worms
  4 dart slugs
  7 leopard geckos
  68 orcs
  9 bats
  11 giant cockroaches
  31 goblins
  20 hobgoblins
  16 jackals
  24 kobolds
  6 quokkas
  A ball python (D:4)
  5 frilled lizards
  5 rats
  8 river rat simulacra (Lair:5)
  A plant (D:10)
690 creatures vanquished.

Vanquished Creatures (collateral kills)
  An ugly thing (D:11)
  2 elephants (Lair:4)
  A kobold (D:11)
  A fungus (Lair:2)
5 creatures vanquished.

Vanquished Creatures (others)
  5 yaks (Lair:5)
  A bullfrog (Lair:4)
  2 bushes (Lair:6)
  29 fungi
  65 plants (Lair:6)
102 creatures vanquished.

Grand Total: 797 creatures vanquished

Notes
Turn   | Place    | Note
-------+----------+-------------------------------------------
     0 | D:1      | Frank2 the Demonspawn Gladiator began the quest for the
                  | Orb.
     0 | D:1      | Reached XP level 1. HP: 16/16 MP: 1/1
   120 | D:1      | Reached skill level 3 in Maces & Flails
   132 | D:1      | Gained mutation: Your movements are slightly less
                  | encumbered by armour. (ER -2) [demonic ancestry]
   132 | D:1      | Reached XP level 2. HP: 21/22 MP: 2/2
   318 | D:1      | Gained mutation: Your movements are less encumbered by
                  | armour. (ER -4) [demonic ancestry]
   318 | D:1      | Reached XP level 3. HP: 18/27 MP: 3/3
  1319 | D:2      | Gained mutation: You have sharp toenails. [demonic
                  | ancestry]
  1319 | D:2      | Reached XP level 4. HP: 21/33 MP: 4/4
  1427 | D:2      | Noticed Robin
  1466 | D:2      | Killed Robin
  1471 | D:2      | Reached skill level 4 in Maces & Flails
  2522 | D:3      | Noticed Grinder
  2551 | D:3      | Killed Grinder
  2551 | D:3      | Reached skill level 5 in Maces & Flails
  2551 | D:3      | Reached skill level 1 in Armour
  2551 | D:3      | Reached XP level 5. HP: 33/40 MP: 5/5
  2551 | D:3      | Gained mutation: Your flesh is heat resistant. (rF+)
                  | [demonic ancestry]
  2551 | D:3      | Reached XP level 6. HP: 38/46 MP: 6/6
  3094 | D:4      | Found Nios's Magic Scroll Shoppe.
  3114 | D:4      | Bought a scroll of enchant armour for 105 gold pieces
  3114 | D:4      | Bought a scroll of remove curse for 42 gold pieces
  3191 | D:4      | Reached XP level 7. HP: 51/52 MP: 7/7
  3318 | D:4      | Reached skill level 6 in Maces & Flails
  4054 | D:5      | Entered Level 5 of the Dungeon
  4312 | D:5      | Gained mutation: You have razor-sharp toenails. [demonic
                  | ancestry]
  4312 | D:5      | Reached XP level 8. HP: 60/60 MP: 8/8
  4364 | D:5      | Reached skill level 7 in Maces & Flails
  5201 | D:6      | Found a staircase to the Ecumenical Temple.
  5234 | D:6      | Got a polished scale mail
  5245 | D:6      | Identified the +4 scale mail "Aqoedim" {+Inv rElec Dex+4}
                  | (You found it on level 6 of the Dungeon)
  5342 | D:6      | Reached skill level 8 in Maces & Flails
  5679 | Temple   | Entered the Ecumenical Temple
  5776 | Temple   | Became a worshipper of Kikubaaqudgha
  6030 | D:7      | Reached skill level 1 in Evocations
  6058 | D:7      | Found Keifyapp's General Store.
  6112 | D:7      | Gained mutation: You are slightly more attuned to the
                  | shadows. [demonic ancestry]
  6112 | D:7      | Reached XP level 9. HP: 66/66 MP: 10/10
  6153 | D:7      | Noticed Harold
  6183 | D:7      | Killed Harold
  6183 | D:7      | Reached skill level 9 in Maces & Flails
  6183 | D:7      | Reached skill level 5 in Dodging
  6357 | D:7      | Reached skill level 5 in Fighting
  6466 | D:8      | Reached * piety under Kikubaaqudgha
  6466 | D:8      | Identified Kikubaaqudgha's Catalogue of Sinister Rituals
                  | (Kikubaaqudgha gifted it to you on level 8 of the Dungeon)
  6466 | D:8      | Received a gift from Kikubaaqudgha
  6512 | D:8      | Noticed Erica
  6521 | D:8      | Killed Erica
  6542 | D:8      | Learned a level 1 spell: Animate Skeleton
  6547 | D:8      | Learned a level 4 spell: Animate Dead
  6651 | D:8      | Reached XP level 10. HP: 74/74 MP: 12/12
  6707 | D:8      | Identified the +9 flail of the Volcano {crush, Str+2 Dex+5}
  6719 | D:8      | Reached skill level 10 in Maces & Flails
  6852 | D:8      | Found an ornate altar of the Wu Jian Council.
  6858 | D:8      | Reached skill level 1 in Necromancy
  7230 | D:8      | Noticed Gastronok
  7238 | D:8      | Killed Gastronok
  7238 | D:8      | Reached skill level 5 in Armour
  7312 | D:8      | Noticed a two-headed ogre
  7316 | D:8      | Killed a two-headed ogre
  7316 | D:8      | Reached skill level 5 in Evocations
  7912 | D:9      | Reached skill level 11 in Maces & Flails
  7922 | D:9      | Reached ** piety under Kikubaaqudgha
  7940 | D:9      | Gained mutation: You have claws for feet. [demonic
                  | ancestry]
  7940 | D:9      | Reached XP level 11. HP: 59/81 MP: 15/15
  8326 | D:10     | Entered Level 10 of the Dungeon
  8522 | D:10     | Found a staircase to the Lair.
  8573 | D:10     | Reached *** piety under Kikubaaqudgha
  8573 | D:10     | Identified Kikubaaqudgha's Handbook of Evil (Kikubaaqudgha
                  | gifted it to you on level 10 of the Dungeon)
  8573 | D:10     | Received a gift from Kikubaaqudgha
  8585 | D:10     | Learned a level 3 spell: Vampiric Draining
  8712 | D:10     | Found a portal to a secret trove of treasure.
  8972 | Lair:1   | Entered Level 1 of the Lair of Beasts
  9095 | Lair:1   | Noticed Urug
  9106 | Lair:1   | Killed Urug
  9106 | Lair:1   | Reached skill level 1 in Spellcasting
  9330 | Lair:1   | Reached skill level 5 in Necromancy
  9494 | Lair:1   | Noticed Grum
  9511 | Lair:1   | Killed Grum
  9916 | Lair:1   | Identified a scroll of acquirement
 10015 | Lair:2   | Noticed Nergalle
 10024 | Lair:2   | Killed Nergalle
 10130 | Lair:2   | Reached skill level 12 in Maces & Flails
 10631 | Lair:2   | Gained mutation: You are significantly more attuned to the
                  | shadows. [demonic ancestry]
 10631 | Lair:2   | Reached XP level 12. HP: 91/91 MP: 17/17
 10699 | Lair:2   | Reached **** piety under Kikubaaqudgha
 10867 | Lair:2   | Found a staircase to the Shoals.
 12095 | Lair:4   | Got a scorched iron amulet
 12183 | Lair:4   | Got a polished ring mail
 12184 | Lair:4   | Identified the cursed +1 ring mail "Pyosis" {+Inv Dex+3}
                  | (You found it on level 4 of the Lair of Beasts)
 12186 | Lair:4   | Identified the amulet "Ruis" {RegenMP rF+ MR++} (You found
                  | it on level 4 of the Lair of Beasts)
 12306 | Lair:4   | Reached ***** piety under Kikubaaqudgha
 12488 | Lair:4   | Found a staircase to the Snake Pit.
 12816 | Lair:5   | Found a viscous altar of Jiyva.
 12816 | Lair:5   | Found a staircase to the Slime Pits.
 12858 | Lair:5   | Noticed a four-headed hydra
 12866 | Lair:5   | Killed a four-headed hydra
 12962 | Lair:5   | Reached XP level 13. HP: 86/98 MP: 19/19
 13633 | Lair:6   | Entered Level 6 of the Lair of Beasts
 13635 | Lair:6   | Reached skill level 13 in Maces & Flails
 13919 | Lair:6   | Noticed an entropy weaver
 13919 | Lair:6   | Noticed an entropy weaver
 14049 | Lair:6   | Reached skill level 5 in Spellcasting
 14456 | Lair:6   | HP: 4/99 [spiny frog (14)]
 15510 | Lair:6   | Killed an entropy weaver
 15886 | Lair:6   | Reached ****** piety under Kikubaaqudgha
 15954 | Lair:6   | Killed an entropy weaver
 16093 | Lair:6   | Gained mutation: Your magical and physical power is
                  | slightly enhanced at high health. [demonic ancestry]
 16093 | Lair:6   | Reached XP level 14. HP: 89/108 MP: 23/23
 16789 | D:11     | Noticed Erolcha
 16798 | D:11     | Killed Erolcha
 16853 | D:11     | Found a staircase to the Orcish Mines.
 16957 | D:11     | Found a flagged portal.
 16967 | Bailey   | Entered a bailey
 17143 | Bailey   | Found an iron altar of Okawaru.
 17522 | Bailey   | Reached skill level 14 in Maces & Flails
 18172 | Orc:1    | Entered Level 1 of the Orcish Mines
 18452 | Orc:1    | Found a roughly hewn altar of Beogh.
 18805 | Orc:2    | Entered Level 2 of the Orcish Mines
 18841 | Orc:2    | Found a runed translucent door.
 18841 | Orc:2    | Noticed Curus's ghost (journeyman MiBe)
 18876 | Orc:2    | Found Qaxt's Antique Armour Shop.
 19126 | Orc:2    | Found Gipp's General Store.
 19152 | Orc:2    | Found a staircase to the Elven Halls.
 19376 | Orc:2    | Found Omoil's Book Shop.
 19376 | Orc:2    | Noticed an orc warlord
 19793 | Orc:2    | Found Hugim's Gadget Boutique.
 19804 | Orc:2    | Found a flickering gateway to a bazaar.
 19811 | Bazaar   | Entered a bazaar
 19813 | Bazaar   | Found Fachodor's Distillery.
 20074 | Bazaar   | Found Gaiqoz's Antique Weapon Boutique.
 20075 | Bazaar   | Found Votel's Armour Boutique.
 20076 | Bazaar   | Found Ebiguton's Distillery.
 20111 | Orc:2    | Killed an orc warlord
 20169 | Orc:2    | Found Poassuo's Antique Weapon Shoppe.
 20184 | Orc:2    | Mangled by an ice devil

Levels and vault maps discovered:
D:1:      dpeg_arrival_houses_and_road, layout_basic
D:2:      layout_loops_ring, serial_rivers, chequers_serial_rivers_micro_a,
          chequers_serial_rivers_small_3, chequers_serial_rivers_large_a,
          chequers_serial_rivers_micro_e, chequers_serial_rivers_small_3,
          chequers_serial_rivers_micro_c, uniq_robin
D:3:      layout_basic, first_ration, uniq_grinder
D:4:      minmay_wonky_spiral, layout_gridville, serial_shops,
          nicolae_shop_statue_plus
D:5:      layout_basic, minmay_misc_feat_pillars
D:6:      corexii_shack_village, layout_loops_ring, minmay_temple_entry_ruins
D:7:      layout_basic, serial_shops, shop_statue, uniq_harold
D:8:      kennysheep_six_static_rooms, layout_loops_corners,
          lemuel_coloured_pillars_altar, uniq_gastronok, uniq_erica
D:9:      layout_loops_corners, the_bakery, hangedman_decor_lopped
D:10:     layout_gridville, dpeg_oklobed_lair, enter_trove_6
D:11:     layout_cave_pools, orc_0_dummy, enter_bailey_3, uniq_erolcha
Temple:   grunt_wide_crystal_templ
Lair:1:   layout_cave_pods, chequers_serial_rivers_micro_c, uniq_grum, uniq_urug
Lair:2:   layout_small_grid, elwin_shoals_entry_rooms, uniq_nergalle
Lair:3:   layout_roguey, minivault_25
Lair:4:   layout_long_grid, guppyfry_snake_entry_garden
Lair:5:   layout_roguey, dpeg_slime_entry_enclosed_altar,
          eino_house_with_fridge, grunt_megastairs_4
Lair:6:   minmay_lair_end_frog_pond, layout_gridlike, minivault_29,
          serial_bayou_shore_a
Orc:1:    layout_diamond_mine, basic_altar
Orc:2:    grunt_orc_gardens, layout_caves, grunt_orc_garden, grunt_orc_garden,
          grunt_orc_garden, grunt_orc_garden, serial_shops, bzr_entry_islet,
          shop, shop, basic_altar, gammafunk_ghost_grave,
          nicolae_orc_sculptors_studio

Skill      XL: |  1  2  3  4  5  6  7  8  9 10 11 12 13 14 |
---------------+-------------------------------------------+-----
Maces & Flails | 3 5 6 8 9 11 12 13 14 | 14.2
Dodging        | 3 4 5 6 7 8 |  8.6
Armour         | 1 2 4 5 6 7 |  7.1
Fighting       | 3 4 5 6 7 8 9 |  9.9
Evocations     | 1 3 5 6 7 9 |  9.8
Necromancy     | 3 5 7 8 9 |  9.4
Spellcasting   | 2 4 6 7 |  7.0
Throwing       | |  1.7

Action                   |  1- 3 |  4- 6 |  7- 9 | 10-12 | 13-15 || total
-------------------------+-------+-------+-------+-------+-------++-------
Melee: Flail             |   138 |   150 |   298 |   493 |   948 ||  2027
       Kick              |       |    34 |   108 |   236 |   457 ||   835
Throw: Throwing net      |       |     3 |       |       |       ||     3
 Cast: Animate Skeleton  |       |       |       |     7 |       ||     7
       Animate Dead      |       |       |       |     1 |     1 ||     2
       Vampiric Draining |       |       |       |       |     6 ||     6
Evoke: Wand              |       |       |       |     5 |    11 ||    16
  Use: Scroll            |     4 |     6 |    10 |    11 |    12 ||    43
       Potion            |       |     5 |     2 |       |     7 ||    14
 Stab: Sleeping          |     1 |       |     4 |    20 |    11 ||    36
       Distracted        |       |       |     1 |     1 |     4 ||     6
  Eat: Chunk             |       |     4 |    12 |    16 |    22 ||    54
       Ration            |       |     1 |       |     1 |     1 ||     3
Armor: Leather armour    |    58 |    15 |       |       |       ||    73
       Chain mail        |       |    75 |    57 |       |       ||   132
       Ring mail         |       |     2 |       |       |       ||     2
       Scale mail        |       |       |    33 |   113 |   200 ||   346
Dodge: Dodged            |   155 |   102 |   212 |   414 |  1015 ||  1898
